 Seeded DCSS version 0.29-a0-841-g116ddc6ace (webtiles) character file.

Game seed: 8897551386731462229 (custom seed)

102676 wilfster70 the Warrior (level 16, -4/104 HPs)
             Began as a Gargoyle Fighter on July 14, 2022.
             Was a High Priest of Okawaru.
             Shot with an arrow by Nessos (19 damage)
             ... on level 2 of the Orcish Mines on July 15, 2022.
             The game lasted 00:54:38 (21134 turns).

wilfster70 the Warrior (Gargoyle Fighter)          Turns: 21134, Time: 00:54:39

Health: -4/104     AC: 30    Str: 17    XL:     16   Next: 33%
Magic:  28/32      EV: 10    Int: 19    God:    Okawaru [*****.]
Gold:   4207       SH:  0    Dex:  1    Spells: 22/24 levels left

rFire   + . .      SeeInvis +   a - +6 broad axe (elec)
rCold   + . .      Faith    .   t - +0 kite shield
rNeg    + . .      Spirit   .   z - +1 troll leather armour {Snorg}
rPois   ∞          Reflect  .   Q - +4 hat of Peek-a-Boo {Fly}
rElec   +          Harm     .   K - +2 cloak
rCorr   +          Rampage  .   f - +1 pair of gloves
Will    +....      Rage     3%  X - +1 pair of boots of Inkoerij {rC+ rCorr Str-3}
Stlth   +.........              R - amulet of regeneration
HPRegen 1.87/turn               l - ring of see invisible
MPRegen 0.23/turn               T - ring of Cemuzixe {rF+ MP+9 Int+4 Dex-4}

@: confused, heroic, on berserk cooldown, flying, slowed, studying Ice Magic,
invisible, very slow
A: sickness immunity, AC +12, big wings, negative energy resistance 1,
electricity resistance, torment resistance 1, petrification resistance, [berserk
1], [clumsy 2], [dopey 1], [frail 1]
a: Renounce Religion, Heroism, Finesse, Duel


You were on level 2 of the Orcish Mines.
You worshipped Okawaru.
Okawaru was extremely pleased with you.
You visited 4 branches of the dungeon, and saw 24 of its levels.
You visited the Abyss 1 time.
You also visited: Ossuary, Bailey and Ice Cave.

You collected 4207 gold pieces.

Inventory:

Hand Weapons
 a - a +6 broad axe of electrocution (weapon)
 b - a +3 flail
 c - a +6 sling
 I - the +8 sling of Risukash {freeze, Dex+2}
   (You found it in a bailey)

   Any ammunition fired from it freezes those it strikes, dealing additional
   cold damage.
   It can also slow down cold-blooded creatures.
   Dex:       It affects your dexterity (+2).
Missiles
 g - 4 javelins (quivered)
 m - 3 throwing nets
 Y - 3 silver javelins
Armour
 f - a +1 pair of gloves (worn)
 t - a +0 kite shield (worn)
 z - a +1 troll leather armour (worn) {Snorg}
 K - a +2 cloak (worn)
 Q - the +4 hat of Peek-a-Boo (worn) {Fly}
   (You acquired it in a bailey)

   Fly:       It grants you flight.
 X - the +1 pair of boots of Inkoerij (worn) {rC+ rCorr Str-3}
   (Okawaru gifted it to you on level 11 of the Dungeon)

   Str:       It affects your strength (-3).
   rC:        It protects you from cold.
   rCorr:     It protects you from acid and corrosion.
Jewellery
 l - a ring of see invisible (left hand)
 o - a +4 ring of protection
 p - a +4 ring of evasion
 N - a ring of ice
 R - an amulet of regeneration (around neck)
 T - the ring of Cemuzixe (right hand) {rF+ MP+9 Int+4 Dex-4}
   (You acquired it on level 8 of the Dungeon)

   [ring of protection from fire]

   Int:       It affects your intelligence (+4).
   Dex:       It affects your dexterity (-4).
   rF:        It protects you from fire.
   MP:        It affects your magic capacity (+9).
Wands
 d - a wand of flame (31)
 k - a wand of polymorph (3)
 u - a wand of digging (11)
 A - a wand of charming (21)
 B - a wand of roots (10)
 E - a wand of light (13)
 F - a wand of mindburst (25)
Scrolls
 i - 4 scrolls of poison {unknown}
 j - 6 scrolls of magic mapping
 n - 14 scrolls of teleportation
 q - 2 scrolls of blinking
 s - 4 scrolls of vulnerability {unknown}
 y - a scroll of fog {unknown}
 H - 6 scrolls of fear
Potions
 e - 15 potions of curing
 h - a potion of berserk rage
 v - 4 potions of resistance
 w - a potion of invisibility
 x - a potion of brilliance
 C - 2 potions of cancellation
 G - 7 potions of lignification
 L - 4 potions of haste
 O - 3 potions of mutation
 P - 3 potions of magic
 U - 2 potions of ambrosia
 V - 4 potions of might
 W - 3 potions of heal wounds
Miscellaneous
 Z - a tin of tremorstones (2/2)


   Skills:
 - Level 19.0(24.0) Fighting
 - Level 18.3(23.3) Axes
 - Level 3.2(8.2) Armour
 + Level 9.0(14.0) Shields
 - Level 4.7 Spellcasting
 - Level 6.2 Earth Magic
 - Level 7.7 Invocations
 - Level 8.0 Evocations


You had 22 spell levels left.
You knew the following spells:

 Your Spells              Type           Power      Damage    Failure   Level
a - Passwall              Tmut/Erth      13%        N/A       12%         2

Your spell library contained the following spells:

 Spells                   Type           Power      Damage    Failure   Level
 Apportation              Tloc           8%         N/A       28%         1
 Necrotise                Necr           16%        1d4       28%         1
 Blink                    Tloc           8%         N/A       38%         2
 Ensorcelled Hibernation  Hex/Ice        8%         N/A       38%         2
 Poisonous Vapours        Pois/Air       8%         N/A       38%         2
 Gell's Gravitas          Tloc           4%         N/A       63%         3
 Portal Projectile        Hex/Tloc       8%         N/A       63%         3
 Swiftness                Air            4%         N/A       63%         3
 Teleport Other           Tloc           4%         N/A       63%         3
 Corpse Rot               Necr/Pois/Air  4%         N/A       95%         4
 Alistair's Intoxication  Tmut/Pois      2%         N/A       100%        5
 Blade Hands              Tmut           2%         N/A       100%        5
 Irradiate                Conj/Tmut      2%         3d12      100%        5
 Manifold Assault         Tloc           4%         N/A       100%        5
 Dispersal                Tloc           2%         N/A       100%        6
 Dragon Form              Tmut           2%         N/A       100%        7
 Storm Form               Tmut/Air       2%         N/A       100%        7
 Borgnjor's Revivificati  Necr           2%         N/A       100%        8
 Disjunction              Tloc           2%         N/A       100%        8
 Necromutation            Tmut/Necr      2%         N/A       100%        8
 Death's Door             Necr           2%         N/A       100%        9
 Summon Small Mammal      Summ           Unusable   N/A       N/A         1
 Tukima's Dance           Hex            Unusable   N/A       N/A         3

Dungeon Overview and Level Annotations

Branches:
Dungeon (15/15)            Temple (1/1) D:7            Lair (6/6) D:10
 Shoals (0/4) Lair:4       Spider (0/4) Lair:3        Slime (0/5) Lair:5
    Orc (2/2) D:12         Vaults (0/5) D:13         Depths (0/4) D:15
Ossuary (visited)          Bailey (visited)           IceCv (visited)
    Elf: Orc:2

Altars:
Ashenzari
Cheibriados
Dithmenos
Elyvilon
Fedhas
Gozag
Hepliaklqana
Kikubaaqudgha
Makhleb
Nemelex Xobeh
Okawaru
Qazlal
Ru
Sif Muna
Uskayaw
Vehumet
Wu Jian
Yredelemnul
Zin
The Shining One
Jiyva

Shops:
D:10 =

Annotations:
D:4 2 transporters, StoneSoupSpirits's ghost, amateur DsCK
D:12 2 runed translucent doors
Orc:2 Nessos; Rupert


Innate Abilities, Weirdness & Mutations

You are immune to sickness and miasma.
Your stone body is resilient. (AC +12)
You are immune to poison.
Your large and strong wings let you fly.
You resist negative energy. (rN+)
You are resistant to electric shocks. (rElec)
You are resistant to unholy torment.
You are immune to petrification.
[You sometimes lose your temper in combat.]
[You are very clumsy. (Dex -4)]
[You are dopey. (Int -2)]
[You are frail. (-10% HP)]


Message History

The orc wizard hits you but does no damage.
Rupert yells loudly at you.
You are more confused.
You feel a strong urge to attack something.
Nessos shoots an arrow.
The arrow hits you! The arrow burns you. Rupert yells loudly at you.
You struggle to resist.
The orc wizard barely misses you.
Things that are here:
a +0 dagger; a +0 robe; an orc corpse Nessos shoots an arrow.
The arrow hits you! The arrow burns you.
You feel your anger nearly subside.
You are no longer berserk.
You are exhausted.
You feel yourself slow down. The orc wizard closely misses you.
Rupert roars madly and goes into a rage!
Rupert goes berserk!
Rupert attacks as you move away! Rupert hits you but does no damage.
Nessos gestures wildly while chanting.
Nessos blinks!
The orc wizard hits you but does no damage.
Rupert hits you with a +1 vorpal great sword!!
Nessos shoots an arrow.
The arrow hits you but does no damage.
The orc wizard attacks as you move away!
The orc wizard hits you but does no damage.
Rupert hits you with a +1 vorpal great sword.
An orc comes into view. It is wielding a +0 short sword.
An orc warrior comes into view. It is wielding a +0 mace.
Nessos shoots an arrow.
The arrow barely misses you.
Rupert hits you with a +1 vorpal great sword!
* * * LOW HITPOINT WARNING * * *
x2 The orc wizard hits you with a +2 dagger of protection.
* * * LOW HITPOINT WARNING * * *
Nessos mumbles some strange words.
Nessos seems to speed up.
You fade into invisibility!
Nessos shoots an arrow.
The arrow hits you.
* * * LOW HITPOINT WARNING * * *
The arrow burns you.
* * * LOW HITPOINT WARNING * * *
Rupert closely misses you.
Nessos shoots an arrow.
The arrow hits you!!
You die...

.#............$...#......$#
.......<..................##
............)..oo..........#
..........................#
.............))..........#
.^....................#.###
..........).......#...# #
..............)@.###.##
...............o@..###
#...................#
...................##
....................#
.....#<..........#....
.....)......c.........#
.....))......###..#.###
..#..#.......# #...##
............##


You could see Rupert (berserk, unable to see you), Nessos (fast, unable to see
you), an orc warrior (unable to see you), an orc wizard (invisible, unable to
see you) and an orc (unable to see you).

Vanquished Creatures
  A tentacled starspawn (Abyss:2)
  A deep elf sorcerer (Abyss:2)
  A stone giant (D:15)
  A dire elephant (Lair:6)
  Snorg (D:10)
  Josephine (Lair:6)
  Fannar (D:10)
  4 hydras
  Harold (D:10)
  2 boulder beetles (D:12)
  A death knight (D:14)
  5 centaur warriors
  2 dancing weapons (D:13)
  A naga warrior (Abyss:2)
  6 tengu warriors
  4 two-headed ogres
  An orc high priest (Bailey)
  A thrashing horror (Abyss:2)
  13 death yaks
  A skeletal warrior (D:9)
  Amaemon (D:8)
  A wretched star (Abyss:2)
  The ghost of Peppero the Magician, a novice GnAE (D:7)
  A spriggan simulacrum (D:14)
  A wizard (D:15)
  Pikel (D:5)
  4 deep elf pyromancers
  9 ugly things
  3 cyclopes
  A manticore (D:11)
  4 large abominations (Abyss:2)
  22 elephants
  A guardian serpent (Abyss:2)
  7 black mambas
  2 gargoyles (D:12)
  2 unseen horrors
  2 smoke demons (Abyss:2)
  21 cane toads
  An orange demon (D:8)
  2 freezing wraiths
  2 rime drakes
  A yaktaur (D:15)
  13 komodo dragons
  4 kobold demonologists
  A hellwing (Abyss:2)
  A tengu conjurer (D:14)
  4 entropy weaver simulacra (D:14)
  An ancient zyme (Abyss:2)
  6 trolls
  5 polar bears
  A polar bear (shapeshifter) (D:15)
  3 tyrant leeches (Lair:6)
  3 hornets
  3 raiju (Abyss:2)
  A wolf spider simulacrum (D:15)
  6 slime creatures
  18 blink frogs
  7 water elementals (D:15)
  3 culicivoras (Lair:3)
  13 wraiths
  A vampire (D:9)
  A shadow (Abyss:2)
  61 yaks
  5 wyverns
  9 basilisks
  3 ynoxinuls (Abyss:2)
  3 steam dragons
  A chaos spawn (Abyss:2)
  Menkaure (D:7)
  A naga (Abyss:2)
  5 vampire mosquitoes (Lair:6)
  A harpy simulacrum (D:14)
  An acid dragon (D:10)
  15 water moccasins
  18 orc warriors
  2 sky beasts
  4 black bears
  2 starcursed masses (D:15)
  4 ogres
  2 alligator simulacra (D:14)
  4 ice beasts
  19 wolves (Lair:6)
  4 boggarts (D:14)
  A phantom (D:6)
  9 centaurs
  An elf zombie (Ossuary)
  Blork the orc (D:5)
  5 kobold brigands
  2 small abominations (Abyss:2)
  22 bullfrogs
  A gnoll sergeant (D:9)
  2 scorpions
  A necrophage (D:7)
  5 wights (D:7)
  8 killer bees
  8 electric eels
  2 howler monkeys (D:10)
  3 centaur zombies (Ossuary)
  A quasit (Abyss:2)
  3 hounds (D:5)
  4 orc priests
  2 iron imps (Abyss:2)
  Crazy Yiuf (D:6)
  A gnoll bouda (D:9)
  2 human zombies (Ossuary)
  2 iguanas
  7 orc wizards
  6 hell rats (Lair:3)
  2 killer bee zombies (D:7)
  2 mummies (Ossuary)
  15 gnolls
  11 adders
  A shadow imp (D:7)
  4 white imps
  An ufetubus (Abyss:2)
  An adder zombie (Ossuary)
  3 worms
  2 dart slugs
  55 orcs
  4 bats
  8 endoplasms
  4 giant cockroaches
  7 goblins
  10 hobgoblins
  4 jackals (D:1)
  28 kobolds
  6 ball pythons
  6 frilled lizards
  3 goblin zombies (Ossuary)
  7 hobgoblin zombies (Ossuary)
  8 kobold zombies (Ossuary)
  10 orc zombies (Ossuary)
  A rat zombie (Ossuary)
  A bush (D:1)
  A lurking horror (Abyss:2)
  A starspawn tentacle (Abyss:2)
705 creatures vanquished.

Vanquished Creatures (others)
  A boggart (D:14)
  61 fungi
  130 plants
  2 starspawn tentacles (Abyss:2)
194 creatures vanquished.

Grand Total: 899 creatures vanquished

Notes
Turn   | Place    | Note
-------+----------+-------------------------------------------
     0 | D:1      | wilfster70 the Gargoyle Fighter began the quest for the
                  | Orb.
     0 | D:1      | Reached XP level 1. HP: 14/14 MP: 1/1
   272 | D:1      | Reached XP level 2. HP: 19/19 MP: 2/2
   287 | D:1      | Identified a scroll of acquirement
   287 | D:1      | Acquired a manual of Ice Magic
   435 | D:1      | Acquired a ring of see invisible
   855 | D:2      | Reached XP level 3. HP: 23/23 MP: 3/3
   950 | D:2      | Found a faded altar of an unknown god.
  1053 | D:2      | Reached XP level 4. HP: 22/29 MP: 4/4
  1878 | D:2      | Reached skill level 4 in Fighting
  1878 | D:2      | Reached XP level 5. HP: 25/33 MP: 5/5
  2095 | D:3      | You fall into a shaft and drop 3 floors!
  2155 | D:5      | Entered Level 5 of the Dungeon
  2310 | D:5      | Noticed Pikel
  2310 | D:5      | Noticed a lemure
  2310 | D:5      | Noticed a lemure
  2310 | D:5      | Noticed a lemure
  2312 | D:5      | Noticed a lemure
  2323 | D:5      | Killed Pikel
  2324 | D:5      | Reached skill level 5 in Fighting
  2324 | D:5      | Reached skill level 5 in Axes
  2324 | D:5      | Reached XP level 6. HP: 32/40 MP: 6/6
  2324 | D:5      | Reached XP level 7. HP: 35/44 MP: 7/7
  2699 | D:4      | Reached XP level 8. HP: 37/51 MP: 8/8
  2881 | D:4      | Found a transporter.
  2886 | D:4      | Noticed StoneSoupSpirits's ghost (amateur DsCK)
  2887 | D:4      | Found a transporter.
  2919 | D:4      | Found a hazy altar of Hepliaklqana.
  2929 | D:4      | Found an ancient bone altar of Kikubaaqudgha.
  3129 | D:4      | Found a blossoming altar of Fedhas.
  3129 | D:4      | Found a snail-covered altar of Cheibriados.
  3238 | D:4      | Found a burning altar of Makhleb.
  3379 | D:4      | Reached skill level 6 in Fighting
  3396 | D:4      | Found an opulent altar of Gozag.
  3747 | D:5      | Noticed Blork the orc
  3756 | D:5      | Killed Blork the orc
  3965 | D:6      | Found a sacrificial altar of Ru.
  3965 | D:6      | Found a glowing golden altar of the Shining One.
  4030 | D:6      | Reached skill level 7 in Fighting
  4273 | D:6      | Reached XP level 9. HP: 39/57 MP: 9/9
  4754 | D:6      | Found a runed translucent door.
  4755 | D:6      | Noticed Crazy Yiuf
  4760 | D:6      | Killed Crazy Yiuf
  5201 | D:7      | Noticed Menkaure
  5205 | D:7      | Killed Menkaure
  5217 | D:7      | Found a sand-covered staircase.
  5230 | Ossuary  | Entered an ossuary
  5344 | Ossuary  | Reached skill level 8 in Fighting
  5647 | D:7      | Found a staircase to the Ecumenical Temple.
  5664 | Temple   | Entered the Ecumenical Temple
  5758 | Temple   | Became a worshipper of Warmaster Okawaru
  5881 | D:7      | Reached skill level 1 in Invocations
  6152 | D:7      | Found a runed translucent gate.
  6152 | D:7      | Found a runed translucent gate.
  6152 | D:7      | Found a runed translucent gate.
  6152 | D:7      | Noticed Peppero's ghost (novice GnAE)
  6154 | D:7      | Found a basalt altar of Yredelemnul.
  6184 | D:7      | Killed Peppero's ghost
  6184 | D:7      | Reached * piety under Okawaru
  6185 | D:7      | Reached skill level 9 in Fighting
  6185 | D:7      | Reached skill level 10 in Axes
  6185 | D:7      | Reached XP level 10. HP: 42/66 MP: 10/12
  6552 | D:8      | Noticed Amaemon
  6552 | D:8      | Noticed an orange demon
  6563 | D:8      | Killed an orange demon
  6585 | D:8      | Killed Amaemon
  6585 | D:8      | Reached ** piety under Okawaru
  6589 | D:8      | Found a flagged portal.
  6609 | Bailey   | Entered a bailey
  6771 | Bailey   | Acquired the +4 hat of Peek-a-Boo {Fly}
  6823 | Bailey   | Found an iron altar of Okawaru.
  6824 | Bailey   | Noticed an orc high priest
  6824 | Bailey   | Noticed a kobold demonologist
  6836 | Bailey   | Killed an orc high priest
  6836 | Bailey   | Reached *** piety under Okawaru
  6837 | Bailey   | Reached skill level 5 in Invocations
  6839 | Bailey   | Killed a kobold demonologist
  6840 | Bailey   | Reached skill level 10 in Fighting
  6846 | Bailey   | Reached XP level 11. HP: 59/72 MP: 13/15
  6899 | Bailey   | Identified the +8 sling of Risukash {freeze, Dex+2}
  7063 | Bailey   | Reached **** piety under Okawaru
  7195 | D:8      | Acquired the ring of Cemuzixe {rF+ MP+9 Int+4 Dex-4}
  7246 | D:8      | Acquired a manual of Fighting
  7445 | D:8      | Noticed a two-headed ogre
  7494 | D:8      | Killed a two-headed ogre
  7879 | D:9      | Received a gift from Okawaru
  8015 | D:9      | Noticed a two-headed ogre
  8028 | D:9      | Killed a two-headed ogre
  8029 | D:9      | Reached skill level 11 in Fighting
  8253 | D:9      | Reached ***** piety under Okawaru
  8381 | D:9      | Noticed a skeletal warrior
  8409 | D:9      | Killed a skeletal warrior
  8470 | D:9      | Found the +5 scythe "Finisher" {speed, eviscerate}
  8684 | D:10     | Entered Level 10 of the Dungeon
  8691 | D:10     | Found a radiant altar of Vehumet.
  8730 | D:10     | Reached skill level 12 in Fighting
  8774 | D:10     | Identified the +1 leather armour of Parlour Games {rN+
                  | Int-5 Dex+3 Slay-5}
  8844 | D:10     | Received a gift from Okawaru
  8845 | D:10     | Reached XP level 12. HP: 76/81 MP: 17/17
  8851 | D:10     | Learned a level 2 spell: Passwall
  8947 | D:10     | Noticed Snorg
  8959 | D:10     | Killed Snorg
  9062 | D:10     | Noticed Fannar
  9106 | D:10     | Killed Fannar
  9257 | D:10     | Noticed Harold
  9266 | D:10     | Killed Harold
  9290 | D:10     | Reached skill level 13 in Fighting
  9313 | D:10     | Found a staircase to the Lair.
  9449 | D:10     | Found Dolleos's Jewellery Shoppe.
  9835 | D:11     | Noticed a two-headed ogre
  9842 | D:11     | Killed a two-headed ogre
  9842 | D:11     | Identified the +1 pair of boots of Inkoerij {rC+ rCorr
                  | Str-3} (Okawaru gifted it to you on level 11 of the
                  | Dungeon)
  9842 | D:11     | Received a gift from Okawaru
 10187 | D:11     | Noticed a two-headed ogre
 10194 | D:11     | Killed a two-headed ogre
 10195 | D:11     | Reached skill level 14 in Fighting
 10552 | Lair:1   | Entered Level 1 of the Lair of Beasts
 10913 | Lair:1   | Reached XP level 13. HP: 91/91 MP: 18/18
 11337 | Lair:2   | Reached skill level 15 in Fighting
 11454 | Lair:2   | Reached ****** piety under Okawaru
 11464 | Lair:2   | Reached skill level 15 in Axes
 12145 | Lair:3   | Identified the +2 robe "Qadef" {rElec rPois} (Okawaru
                  | gifted it to you on level 3 of the Lair of Beasts)
 12145 | Lair:3   | Received a gift from Okawaru
 12384 | Lair:3   | Reached skill level 16 in Fighting
 12426 | Lair:3   | Found a hole to the Spider Nest.
 13211 | Lair:4   | Found a staircase to the Shoals.
 13326 | Arena    | Entered the Arena
 13347 | Lair:4   | Reached skill level 17 in Fighting
 13797 | Lair:4   | Gained mutation: Your large and strong wings let you fly.
                  | [Gargoyle growth]
 13797 | Lair:4   | Reached XP level 14. HP: 102/102 MP: 19/19
 14437 | Lair:5   | Identified the +2 pair of boots of Leaves {rElec Slay+2}
                  | (Okawaru gifted it to you on level 5 of the Lair of Beasts)
 14437 | Lair:5   | Received a gift from Okawaru
 14455 | Lair:5   | Reached skill level 18 in Fighting
 14554 | Lair:5   | Acquired 536 gold pieces
 14683 | Lair:5   | Found a viscous altar of Jiyva.
 14683 | Lair:5   | Found a staircase to the Slime Pits.
 15223 | Lair:6   | Entered Level 6 of the Lair of Beasts
 15255 | Lair:6   | Noticed Josephine
 15270 | Lair:6   | Killed Josephine
 15464 | Lair:6   | Noticed a dire elephant
 15487 | Lair:6   | Killed a dire elephant
 15493 | Lair:6   | Identified the +0 helmet of the Lotus Blossom {Str+3 Dex-3
                  | SInv} (Okawaru gifted it to you on level 6 of the Lair of
                  | Beasts)
 15493 | Lair:6   | Received a gift from Okawaru
 15830 | Lair:6   | Reached XP level 15. HP: 69/110 MP: 20/20
 15879 | Lair:6   | Reached skill level 1 in Earth Magic
 15946 | Lair:6   | Reached skill level 1 in Spellcasting
 16021 | Lair:6   | Reached skill level 19 in Fighting
 16143 | Arena    | Entered the Arena
 17050 | D:12     | Found a runed translucent door.
 17063 | D:12     | Reached skill level 5 in Earth Magic
 17088 | D:12     | Found a runed translucent door.
 17282 | D:12     | Received a gift from Okawaru
 17488 | D:12     | Acquired 512 gold pieces
 17490 | D:12     | Acquired 928 gold pieces
 17562 | D:12     | Found a staircase to the Orcish Mines.
 17894 | D:13     | Reached skill level 1 in Evocations
 17967 | D:13     | Found a gate to the Vaults.
 18471 | D:14     | Found a frozen archway.
 18507 | D:14     | Received a gift from Okawaru
 18576 | IceCv    | Entered an ice cave
 18903 | D:14     | Reached skill level 5 in Evocations
 18954 | Arena    | Entered the Arena
 19429 | D:15     | Entered Level 15 of the Dungeon
 19530 | D:15     | Found a staircase to the Depths.
 19642 | D:15     | Reached XP level 16. HP: 92/116 MP: 23/23
 19747 | Abyss:2  | Cast into level 2 of the Abyss (a wizard)
 19767 | Abyss:2  | Found a viscous altar of Jiyva.
 19778 | Abyss:2  | Noticed a tentacled starspawn
 19917 | Abyss:2  | Noticed a tentacled starspawn
 19924 | Abyss:2  | Killed a tentacled starspawn
 20023 | Abyss:2  | Received a gift from Okawaru
 20221 | D:15     | Escaped the Abyss
 20251 | D:15     | Found a shimmering altar of Xom.
 20252 | D:15     | Found a shimmering altar of Xom.
 20253 | D:15     | Found a shimmering altar of Xom.
 20258 | D:15     | Found a shimmering altar of Xom.
 20258 | D:15     | Found a shimmering altar of Xom.
 20258 | D:15     | Found a shimmering altar of Xom.
 20930 | Orc:1    | Entered Level 1 of the Orcish Mines
 21050 | Orc:2    | Entered Level 2 of the Orcish Mines
 21114 | Orc:2    | Noticed Rupert
 21125 | Orc:2    | Noticed Nessos
 21134 | Orc:2    | Shot with an arrow by Nessos

Illustrated notes

Levels and vault maps discovered:
D:1:      lemuel_arrival_behind_the_door_large, layout_basic, minivault_24,
          dreamdust_wishing_well, moated_statue, minmay_hedge_maze
D:2:      layout_basic, dreamdust_ecumenical_altar_grove, eino_tiny_chamber,
          minmay_joined_circles
D:3:      layout_loops_ring, bloody_trog, mainiacjoe_overflow_tiny_flanked,
          minmay_fractal_squares_gapless_5
D:4:      layout_basic, bloody_makhleb, lemuel_crystal_altar,
          gammafunk_temple_overflow_pools, grunt_temple_overflow_open,
          gammafunk_ghost_mausoleum
D:5:      layout_cave_pools, minmay_misc_feat_x, uniq_blork_the_orc, uniq_pikel
D:6:      layout_basic, mainiacjoe_overflow_catch_the_wave,
          minmay_misc_feat_pillars, minivault_24, uniq_crazy_yiuf_cottage
D:7:      layout_rooms, nicolae_yredelemnul_ghost_church,
          minmay_temple_entry_ruins, chequers_ossuary_entry_cave,
          corexii_corridor_pit, uniq_menkaure
D:8:      layout_loops_cross, enter_bailey_5, uniq_amaemon
D:9:      layout_cave_pools, minmay_guarded_unrand_finisher
D:10:     layout_loops_ring, vehumet_crystals, erik_lair_dragon, serial_shops,
          shop, uniq_harold, uniq_snorg, uniq_fannar
D:11:     layout_loops_ring
D:12:     minmay_expanding_circles, layout_rooms, orc_0_dummy, chequers_garden
D:13:     layout_irregular_city, erik_vaults_1
D:14:     layout_roguey, portal_ice_cave_entry_ice_simulacra,
          kennysheep_pointless_box, solitary_fountain, drop_trap
D:15:     grunt_enter_depths_snipers, layout_basic, serial_bayou,
          serial_bayou_lagoon_a, serial_bayou_lagoon_b, serial_bayou_shore_a,
          serial_bayou_pond_b, nicolae_eternal_life, abandoned_shop,
          xom_shifter_show
Temple:   hellmonk_temple_beads
Lair:1:   layout_small_grid
Lair:2:   layout_gridlike
Lair:3:   layout_loops_ring, hellmonk_spider_entry_life_and_decay
Lair:4:   beast_lair_carwin_large_1, layout_layer_cave, elwin_shoals_entry_rooms
Lair:5:   layout_loops_ring, dpeg_slime_entry_enclosed,
          chequers_serial_rivers_micro_e, grunt_megastairs_4,
          infiniplex_staircase_pool
Lair:6:   minmay_lair_end_frog_pond, layout_layer_cave,
          grunt_forest_stairs_basic, chequers_serial_rivers_micro_d,
          grunt_forest_large_clearings, serial_bayou_shore_b, uniq_josephine
Orc:1:    layout_diamond_mine, uniq_jorgrun
Orc:2:    st_orc_open, layout_caves, basic_altar, serial_shops, shop,
          uniq_rupert, uniq_nessos

Skill      XL: |  1  2  3  4  5  6  7  8  9 10 11 12 13 14 15 16 |
---------------+-------------------------------------------------+-----
Axes           | 2 3 5 7 10 11 12 14 16 18 | 18.3
Shields        | 4 6 9 |  9.0
Fighting       | 4 5 7 9 10 12 14 17 18 19 | 19.0
Invocations    | 3 5 7 |  7.7
Earth Magic    | 6 |  6.2
Spellcasting   | 4 |  4.7
Evocations     | 7 8 |  8.0
Armour         | |  3.2

Action                   |  1- 3 |  4- 6 |  7- 9 | 10-12 | 13-15 | 16-18 || total
-------------------------+-------+-------+-------+-------+-------+-------++-------
Melee: War axe           |   129 |    91 |       |       |       |       ||   220
       Broad axe         |       |     4 |   272 |   573 |  1282 |   242 ||  2373
       Flail             |       |       |       |       |    24 |       ||    24
Invok: Heroism           |       |       |       |     4 |    13 |     1 ||    18
       Finesse           |       |       |       |       |     5 |     1 ||     6
       Duel              |       |       |       |       |     3 |       ||     3
Evoke: Wand              |       |       |       |     2 |     1 |     1 ||     4
  Use: Scroll            |     2 |       |     1 |    14 |    25 |     1 ||    43
       Potion            |       |     1 |       |     3 |     1 |     2 ||     7
Armor: Scale mail        |    52 |    62 |    89 |   186 |       |       ||   389
       Plate armour      |       |       |    95 |    96 |       |       ||   191
       Troll leather arm |       |       |       |   111 |   914 |   136 ||  1161
Dodge: Dodged            |    49 |    54 |   129 |   222 |   579 |    89 ||  1122
Block: Buckler           |    21 |    20 |    64 |   137 |   265 |       ||   507
       Kite shield       |       |       |       |       |    21 |    84 ||   105

Table legend: (Time is in decaauts)
 A = Elapsed time spent in this place.
 B = Non-inter-level travel time spent in this place.
 C = Inter-level travel time spent in this place.
 D = Time resting spent in this place.
 E = Time spent auto-exploring this place.
 F = Levels seen in this place.
 G = Mean time per level.
                   A        B        C        D        E       F      G
               +--------+--------+--------+--------+--------+-----+--------+
         Total |  20949 |  20205 |    744 |   2076 |  10128 |  31 |  675.8 |
       Dungeon |  13319 |  12830 |    489 |   1789 |   6402 |  15 |  887.9 |
        Temple |    124 |    112 |     12 |      0 |     56 |   1 |  124.0 |
          Lair |   6054 |   5822 |    232 |    240 |   3472 |   6 | 1009.0 |
  Orcish Mines |    197 |    187 |     10 |      0 |     76 |   2 |   98.5 |
         Abyss |    449 |    449 |      0 |      0 |      0 |   1 |  449.0 |
       Ossuary |    247 |    247 |      0 |      0 |     96 |   1 |  247.0 |
        Bailey |    495 |    495 |      0 |     47 |     26 |   1 |  495.0 |
      Ice Cave |      3 |      3 |      0 |      0 |      0 |   1 |    3.0 |
         Arena |     57 |     57 |      0 |      0 |      0 |   3 |   19.0 |
               +--------+--------+--------+--------+--------+-----+--------+

Top non-repeatable levels by time:
  Lair:6: 1419 daAuts
     D:6: 1361 daAuts
  Lair:4: 1252 daAuts
     D:2: 1217 daAuts
    D:14: 1116 daAuts
    D:10: 1081 daAuts
     D:5: 963 daAuts
  Lair:3: 961 daAuts
     D:8: 908 daAuts
     D:7: 903 daAuts
    D:15: 900 daAuts
    D:11: 881 daAuts
     D:9: 852 daAuts
  Lair:5: 837 daAuts
     D:4: 819 daAuts
